 Dungeon Crawl Stone Soup version 0.18.1-48-g4cf74bf (webtiles) character file.

224 Neosonic97 the Skirmisher (level 5, 0/50 HPs)
             Began as a Draconian Transmuter on Sept 8, 2016.
             Slain by Terence
             ... wielding a +0 short sword
              (5 damage)
             ... on level 3 of the Dungeon.
             The game lasted 00:10:34 (4743 turns).

Neosonic97 the Skirmisher (Draconian Transmuter)    Turns: 4743, Time: 00:10:35

Health: 0/50       AC:  6    Str: 13 (14) XL:     5   Next: 67%
Magic:  7/8        EV: 12    Int: 13      God:
Gold:   78         SH:  0    Dex: 10 (11) Spells: 2 memorised, 3 levels left

rFire  . . .     SeeInvis .       - Unarmed
rCold  . . .     Gourm    .     (armour unavailable)
rNeg   . . .     Faith    .     (no shield)
rPois  .         Spirit   .     (helmet restricted)
rElec  .         Dismiss  .     (no cloak)
rCorr  .         Reflect  .     (no gloves)
SustAt .         Harm     .     d - +0 pair of boots
MR     .....                    (no amulet)
Stlth  +.........               (no ring)
                                (no ring)

@: appendage, not resistant to hostile enchantments, very unstealthy
A: unfitting armour, horns 2, cold-blooded, AC +5
a: End Transformation


You were on level 3 of the Dungeon.
You were hungry.
You had grown temporary horns.
You visited 1 branch of the dungeon, and saw 3 of its levels.

You collected 78 gold pieces.

Inventory:

Missiles
 a - 42 arrows
Armour
 d - a +0 pair of boots (worn)
Scrolls
 e - a scroll of remove curse
Books
 b - a book of Changes

   Spells                             Type                      Level
   a - Beastly Appendage              Transmutation                1
   b - Sticks to Snakes               Transmutation                2
   c - Spider Form                    Transmutation/Poison         3
   d - Ice Form                       Ice/Transmutation            4
   e - Blade Hands                    Transmutation                5
Comestibles
 c - 3 bread rations
 f - 2 beef jerkies
 g - 2 chunks of flesh
 h - a royal jelly
 i - 3 fruits
 j - a meat ration


   Skills:
 * Level 5.8 Fighting
 - Level 1.7 Dodging
 - Level 3.0 Unarmed Combat
 - Level 2.0 Spellcasting
 * Level 2.8 Transmutations


You had 3 spell levels left.
You knew the following spells:

 Your Spells              Type           Power        Failure   Level  Hunger
a - Beastly Appendage     Trmt           #.....       10%         1    ##.....
b - Ice Form              Ice/Trmt       #.......     98%         4    #####..


Dungeon Overview and Level Annotations

Branches:
Dungeon (3/15)

Altars:
Dithmenos
Nemelex Xobeh
Pakellas

Annotations:
D:3 Natasha; Neosonic97's ghost, amateur DrTm; Terence


Innate Abilities, Weirdness & Mutations

Your plain brown scales are hard (AC +5).
Your body does not fit into most forms of armour.
You are cold-blooded and may be slowed by cold attacks.
You have a pair of horns on your head.


Message History

The orc priest invokes the aid of Beogh against you.
Beogh smites you!
* * * LOW HITPOINT WARNING * * *
Terence asks, "Do you want it fast or slow?"
Your horns disappear.
The goblin shouts!
Terence says, "Don't bother to defend, it's senseless."
A bat comes into view.
Natasha hisses angrily.
The bat moves out of view.
You hit Natasha.
Natasha is moderately wounded.
Terence hits you but does no damage. Natasha claws you.
* * * LOW HITPOINT WARNING * * *
Casting: Beastly Appendage
Confirm with . or Enter, or press ? or * to list all spells.
You grow a pair of large bovine horns.
You are feeling hungry.
Terence hits you with a short sword.
You die...

..#.#.#.###..........##.....##...
.>#>#.#.# #......................
..#.#.#.###........##.........##.
......#...........####..._...####
.....#... #........##.........##.
..o...# #....g.........)......)
..#.#.## ##o##......##.....##..#
....o..####.#o####..###..#(.###.#
.......#.o.###.@@h..##..###..##.#
..........#.#.####......###......
...###....####.......#...#..#####
...# #+..+# ##...g5........#####
...# ♣....♣ #.###o(#...........
...# ♣...♣♣ #. #ro......######
##.# ♣♣.♣♣ # #h##'###.# #. .♣♣
#.#....#.# ♣ ##5#....#.##


You could see Terence, Natasha and an orc.

Vanquished Creatures
  Natasha (twice) (D:3)
  A worker ant (D:3)
  A gnoll (D:1)
  3 adders
  2 oozes (D:2)
  2 worms
  6 giant geckos
  5 orcs (D:3)
  2 ball pythons
  7 giant cockroaches
  6 goblins
  11 hobgoblins
  7 jackals
  2 quokkas
  5 bats
  4 giant newts
  11 kobolds
  10 rats
87 creatures vanquished.

Notes
Turn   | Place    | Note
--------------------------------------------------------------
     0 | D:1      | Neosonic97 the Draconian Transmuter began the quest for the Orb.
     0 | D:1      | Reached XP level 1. HP: 16/16 MP: 3/3
   343 | D:1      | Reached skill level 2 in Fighting
   708 | D:1      | Reached XP level 2. HP: 14/25 MP: 3/5
   932 | D:1      | Reached skill level 3 in Fighting
   945 | D:1      | Reached XP level 3. HP: 10/31 MP: 4/6
  1885 | D:2      | Reached skill level 4 in Fighting
  2116 | D:2      | Found a sparkling altar of Nemelex Xobeh.
  2183 | D:2      | Reached XP level 4. HP: 25/40 MP: 5/7
  2874 | D:2      | Learned a level 4 spell: Ice Form
  3209 | D:3      | Found a shadowy altar of Dithmenos.
  3258 | D:3      | Reached skill level 5 in Fighting
  3319 | D:3      | Reached XP level 5. HP: 45/48 MP: 6/8
  3326 | D:3      | Noticed Neosonic97's ghost (amateur DrTm)
  4085 | D:3      | Noticed Natasha
  4097 | D:3      | Killed Natasha
  4123 | D:3      | Noticed Natasha
  4143 | D:3      | Killed Natasha
  4224 | D:3      | Noticed Natasha
  4649 | D:3      | Found an oddly glowing altar of Pakellas.
  4708 | D:3      | Noticed Terence
  4743 | D:3      | Slain by Terence

Skill      XL: |  1  2  3  4 |
---------------+-------------+-----
Fighting       | 2 3 4 5 |  5.8
Dodging        | |  1.7
Unarmed Combat | |  3.0
Spellcasting   | |  2.0
Transmutations | |  2.8

Action                   |  1- 3 |  4- 6 || total
-------------------------+-------+-------++-------
Melee: Unarmed           |   204 |   227 ||   431
       Tailslap          |    10 |    26 ||    36
       Headbutt          |     9 |    25 ||    34
       Kick              |     5 |       ||     5
       Punch             |     1 |     2 ||     3
 Cast: Beastly Appendage |    30 |    27 ||    57
  Use: Scroll            |     6 |       ||     6
       Potion            |     3 |       ||     3
  Eat: Chunk             |     6 |     5 ||    11
       Fruit             |     1 |     3 ||     4
Armor: Skin              |    74 |    83 ||   157
Dodge: Dodged            |   184 |   144 ||   328
